 Dungeon Crawl Stone Soup version 0.21.1-1-g345015f (webtiles) character file.

32 stumpbeard the Magician (level 3, -1/26 HPs)
             Began as a Draconian Wizard on Mar 20, 2018.
             Was an Initiate of Sif Muna.
             Slain by a worm (9 damage)
             ... on level 2 of the Dungeon.
             The game lasted 00:14:25 (1630 turns).

stumpbeard the Magician (Draconian Wizard)          Turns: 1630, Time: 00:14:25

Health: -1/26      AC:  5    Str:  9    XL:     3   Next: 8%
Magic:  2/8        EV: 12    Int: 19    God:    Sif Muna [......]
Gold:   58         SH:  0    Dex:  9    Spells: 1/9 levels left

rFire    . . .     SeeInvis .   (no weapon)
rCold    . . .     Gourm    .   (no shield)
rNeg     . . .     Faith    .   (armour unavailable)
rPois    .         Spirit   .   a - +0 hat
rElec    .         Reflect  .   (no cloak)
rCorr    .         Harm     .   (no gloves)
MR       .....                  (no boots)
Stlth    ++........             (no amulet)
HPRegen  0.08/turn              (no ring)
MPRegen  0.11/turn              (no ring)

@: no status effects
A: unfitting armour, cold-blooded, AC +5
a: Renounce Religion


You were on level 2 of the Dungeon.
You worshipped Sif Muna.
Sif Muna was noncommittal.
You were not hungry.

You visited 1 branch of the dungeon, and saw 2 of its levels.

You collected 58 gold pieces.

Inventory:

Missiles
 f - 6 needles of sleeping
Armour
 a - a +0 hat (worn)
 h - a +0 scale mail
Scrolls
 d - 3 scrolls of identify {unknown}
 e - a scroll of magic mapping {unknown}
 g - a scroll of random uselessness {unknown}
 i - a scroll of teleportation {unknown}
 j - a scroll of enchant weapon {unknown}
 k - a scroll of enchant armour {unknown}
Potions
 l - a potion of berserk rage {unknown}
 m - a potion of resistance {unknown}
Books
 b - a book of Minor Magic

   Spells                             Type                      Level
   a - Magic Dart                     Conjuration                  1
   b - Blink                          Translocation                2
   c - Call Imp                       Summoning                    2
   d - Slow                           Hexes                        2
   e - Conjure Flame                  Conjuration/Fire             3
   f - Mephitic Cloud                 Conjuration/Poison/Air       3
Comestibles
 c - 2 rations
 n - a chunk of flesh


   Skills:
 + Level 2.0 Dodging
 + Level 2.2 Stealth
 + Level 0.1 Unarmed Combat
 + Level 3.6 Spellcasting
 + Level 1.2 Conjurations
   Level 1.0 Summonings
 + Level 1.0 Translocations


You had one spell level left.
You knew the following spells:

 Your Spells              Type           Power        Failure   Level  Hunger
a - Magic Dart            Conj           #...         9%          1    None
b - Blink                 Tloc           N/A          14%         2    ##.....
c - Slow                  Hex            #.......     22%         2    ##.....
d - Mephitic Cloud        Conj/Pois/Air  #.......     36%         3    ###....


Dungeon Overview and Level Annotations

Branches:
Dungeon (2/15)

Altars:
Sif Muna


Innate Abilities, Weirdness & Mutations

Your plain brown scales are hard. (AC +5)
You cannot fit into any form of body armour.
You are cold-blooded and may be slowed by cold attacks.


Message History

The frilled lizard bites you.
Your magical contamination has completely faded away.
You completely miss the worm.
The worm is severely wounded.
The bat misses you. The worm bites you. The frilled lizard barely misses you.
You hit the worm but do no damage. You tail-slap the worm.
The worm is severely wounded.
The bat hits you but does no damage. The frilled lizard closely misses you.
You barely miss the worm.
The worm is severely wounded.
The bat hits you but does no damage. The worm bites you.
The frilled lizard bites you but does no damage.
You hit the worm.
The worm is severely wounded.
The bat hits you but does no damage.
The frilled lizard bites you but does no damage.
You hit the worm.
The worm is almost dead.
The bat hits you but does no damage. The worm bites you!
You die...

#.....
####.....
..<......
........# ####
# ........##...
..
...........##..
......lw)...!..
.......@b..#
...........#
...........#
........#..#
#########..###
...........#
##.#####.###
#.# ####.## ...


You could see a worm, a bat and a frilled lizard.

Vanquished Creatures
  An ooze (D:2)
  A dart slug (D:1)
  2 ball pythons (D:2)
  4 goblins
  3 hobgoblins
  5 kobolds
  6 bats
  2 frilled lizards (D:1)
  2 rats (D:1)
26 creatures vanquished.

Notes
Turn   | Place    | Note
-------+----------+-------------------------------------------
     0 | D:1      | stumpbeard the Draconian Wizard began the quest for the Orb.
     0 | D:1      | Reached XP level 1. HP: 14/14 MP: 4/4
   368 | D:1      | Reached XP level 2. HP: 20/20 MP: 3/6
  1212 | D:2      | Found a deep blue altar of Sif Muna.
  1246 | D:2      | Learned a level 2 spell: Blink
  1249 | D:2      | Learned a level 2 spell: Slow
  1250 | D:2      | Became a worshipper of Sif Muna the Loreminder
  1464 | D:2      | Reached XP level 3. HP: 26/26 MP: 5/8
  1579 | D:2      | Learned a level 3 spell: Mephitic Cloud
  1630 | D:2      | Slain by a worm

Skill      XL: |  1  2 |
---------------+-------+-----
Dodging        | 2 |  2.0
Stealth        | 2 |  2.2
Unarmed Combat | |  0.1
Spellcasting   | |  3.6
Conjurations   | |  1.2
Summonings     | |  1.0
Translocations | |  1.0

Action                   || total
-------------------------++-------
Melee: Unarmed           ||    51
       Tailslap          ||     5
 Cast: Magic Dart        ||    68
  Eat: Chunk             ||     2
Armor: Skin              ||    27
Dodge: Dodged            ||    47
